General information
- name: BNet
- type: Ladder team game (AT/RT)
- host: Battle.net
- saver: Muaetanxizalide
map: Slalom
- players: 8
- length: 18:34
- speed: Fast
- version: 1.26 W3XP
- replay type: Public
» download(134 KB)
Players
team 1 (loser)
wolverine2003 (
orange | 54 APM | 1004 actions | 18:32)
4 Tauren Chieftain
2 Shockwave
2 Endurance Aura
3 Shadow Hunter
2 Healing Wave
1 Hex
» actions
| Basic commands | 16 | |
| Build / train | 64 | |
| Enter build submenu | 16 | |
| Enter hero's abilities submenu | 7 | |
| Right click | 609 | |
| Select / deselect | 245 | |
| Use ability | 47 | |
1004 total
» units
| Peon | 16 | |
| Grunt | 5 | |
| Frost Revenant | 1 | |
| Shaman | 2 | |
| Spirit Walker | 4 | |
| Tauren | 5 | |
| Wisp | 2 | |
| Knight | 1 | |
| Priest | 1 | |
37 total
» upgrades
| Melee Weapons | 3 | |
| Armor | 1 | |
| Shaman Training | 2 | |
| Spirit Walker Training | 2 | |
8 total
» buildings
| Altar of Storms | 1 | |
| Orc Burrow | 5 | |
| Barracks | 1 | |
| Voodoo Lounge | 1 | |
| Stronghold | 1 | |
| Great Hall | 1 | |
| War Mill | 1 | |
| Fortress | 1 | |
| Spirit Lodge | 2 | |
| Tauren Totem | 2 | |
16 total
» build order
00:15 Altar of Storms
00:20 Orc Burrow
01:09 Barracks
01:19 Voodoo Lounge
01:35 Orc Burrow
02:58 Stronghold
03:44 Great Hall
04:08 War Mill
05:15 Orc Burrow
06:08 Fortress
06:11 Spirit Lodge
07:48 Spirit Lodge
10:23 Tauren Totem
12:13 Orc Burrow
12:43 Tauren Totem
13:36 Orc Burrow
» items
| Potion of Healing | 2 | |
| Orb of Lightning | 1 | |
| Scroll of Town Portal | 3 | |
| Scroll of Speed | 1 | |
| Healing Salve | 1 | |
8 total

»
e-Seifer (
pink | 40 APM | 625 actions | 15:48)
3 Archmage
1 Summon Water Elemental
2 Brilliance Aura
» actions
| Build / train | 38 | |
| Enter build submenu | 19 | |
| Enter hero's abilities submenu | 3 | |
| Remove unit from queue | 1 | |
| Right click | 383 | |
| Select / deselect | 146 | |
| Use ability | 35 | |
625 total
» units
| Peasant | 11 | |
| Priest | 6 | |
| Sorceress | 3 | |
| Spell Breaker | 1 | |
21 total
» upgrades
| Lumber Harvesting | 2 | |
| Sorceress Training | 2 | |
| Priest Training | 2 | |
| Magic Sentry | 1 | |
| Control Magic | 1 | |
| Swords | 1 | |
| Plating | 1 | |
10 total
» buildings
| Altar of Kings | 1 | |
| Farm | 11 | |
| Lumber Mill | 2 | |
| Keep | 1 | |
| Arcane Vault | 1 | |
| Arcane Sanctum | 3 | |
| Castle | 1 | |
| Blacksmith | 1 | |
21 total
» build order
00:10 Altar of Kings
00:12 Farm
00:58 Lumber Mill
01:18 Farm
02:04 Farm
02:37 Keep
02:45 Arcane Vault
04:04 Farm
06:08 Arcane Sanctum
06:10 Arcane Sanctum
06:13 Arcane Sanctum
06:15 Castle
07:40 Farm
07:42 Farm
07:44 Farm
08:56 Farm
08:58 Farm
09:00 Farm
09:41 Blacksmith
09:49 Lumber Mill
13:42 Farm

»
do6kata (
red | 62 APM | 979 actions | 15:51)
3 Paladin
1 Holy Light
2 Divine Shield
2 Mountain King
1 Storm Bolt
1 Bash
» actions
| Assign group hotkey | 17 | |
| Basic commands | 49 | |
| Build / train | 83 | |
| Enter build submenu | 29 | |
| Enter hero's abilities submenu | 5 | |
| Give item / drop item | 2 | |
| Right click | 319 | |
| Select / deselect | 189 | |
| Select group hotkey | 219 | |
| Use ability | 67 | |
979 total
» units
| Peasant | 16 | |
| Footman | 3 | |
| Nerubian Warrior | 1 | |
| Ice Troll Berserker | 1 | |
| Nerubian Webspinner | 1 | |
| Frost Revenant | 1 | |
| Knight | 10 | |
| Siege Engine | 7 | |
40 total
» upgrades
| Defend | 1 | |
| Lumber Harvesting | 2 | |
| Masonry | 3 | |
| Animal War Training | 1 | |
| Swords | 1 | |
| Plating | 1 | |
| Barrage | 2 | |
11 total
» buildings
| Altar of Kings | 1 | |
| Farm | 10 | |
| Barracks | 1 | |
| Arcane Vault | 1 | |
| Scout Tower | 6 | |
| Keep | 6 | |
| Blacksmith | 1 | |
| Arcane Tower | 1 | |
| Lumber Mill | 1 | |
| Castle | 3 | |
| Town Hall | 1 | |
| Workshop | 2 | |
| Guard Tower | 5 | |
39 total
» build order
00:07 Altar of Kings
00:15 Farm
00:38 Barracks
00:58 Farm
01:38 Arcane Vault
01:56 Scout Tower
02:35 Farm
02:58 Keep
02:58 Keep
02:58 Keep
03:16 Blacksmith
03:40 Farm
03:42 Arcane Tower
03:47 Lumber Mill
05:40 Castle
05:41 Castle
05:41 Castle
06:32 Town Hall
07:06 Farm
07:42 Workshop
09:05 Farm
09:24 Workshop
11:22 Farm
11:30 Farm
11:32 Farm
11:59 Scout Tower
12:01 Scout Tower
12:01 Scout Tower
12:02 Scout Tower
12:03 Scout Tower
12:24 Farm
13:54 Guard Tower
13:57 Guard Tower
13:57 Guard Tower
13:58 Guard Tower
» items
| Scroll of Regeneration | 3 | |
| Potion of Healing | 1 | |
| Scroll of Town Portal | 1 | |
5 total
nigerman (
purple | 41 APM | 657 actions | 15:54)
3 Priestess of the Moon
2 Trueshot Aura
1 Searing Arrows
» actions
| Basic commands | 13 | |
| Build / train | 58 | |
| Enter build submenu | 15 | |
| Enter hero's abilities submenu | 3 | |
| Right click | 345 | |
| Select / deselect | 191 | |
| Use ability | 32 | |
657 total
» units
| Wisp | 31 | |
| Archer | 12 | |
| Hippogryph | 4 | |
47 total
» upgrades
| Strength of the Moon | 2 | |
| Moon Armor | 2 | |
| Hippogryph Taming | 1 | |
| Improved Bows | 1 | |
6 total
» buildings
| Moon Well | 5 | |
| Altar of Elders | 1 | |
| Hunter's Hall | 2 | |
| Ancient of War | 2 | |
| Tree of Life | 2 | |
| Tree of Ages | 1 | |
| Ancient of Wind | 3 | |
16 total
» build order
00:13 Moon Well
01:29 Altar of Elders
01:57 Hunter's Hall
02:02 Ancient of War
02:42 Moon Well
02:47 Moon Well
04:49 Tree of Life
05:13 Moon Well
06:12 Tree of Ages
08:07 Hunter's Hall
09:13 Ancient of Wind
09:16 Ancient of Wind
09:19 Ancient of Wind
09:28 Ancient of War
10:50 Moon Well
11:19 Tree of Life
team 2 (winner)
12aGeAholiC_FFA (
yellow | 75 APM | 1386 actions | 18:33)
6 Death Knight
3 Death Coil
2 Unholy Aura
1 Animate Dead
» actions
| Assign group hotkey | 3 | |
| Basic commands | 168 | |
| Build / train | 72 | |
| Enter build submenu | 27 | |
| Enter hero's abilities submenu | 5 | |
| Remove unit from queue | 1 | |
| Right click | 633 | |
| Select / deselect | 402 | |
| Select group hotkey | 2 | |
| Use ability | 72 | |
1386 total
» units
| Acolyte | 9 | |
| Ghoul | 13 | |
| Gargoyle | 6 | |
| Necromancer | 5 | |
| Obsidian Statue | 1 | |
| Meatwagon | 6 | |
| Abomination | 2 | |
42 total
» upgrades
| Unholy Strength | 2 | |
| Unholy Armor | 3 | |
| Web | 0 | |
| Necromancer Training | 2 | |
| Skeletal Longevity | 1 | |
| Skeletal Mastery | 1 | |
| Exhume Corpses | 1 | |
10 total
» buildings
| Crypt | 1 | |
| Ziggurat | 9 | |
| Altar of Darkness | 1 | |
| Tomb of Relics | 1 | |
| Graveyard | 1 | |
| Halls of the Dead | 2 | |
| Black Citadel | 2 | |
| Temple of the Damned | 2 | |
| Slaughterhouse | 2 | |
21 total
» build order
00:23 Crypt
00:33 Ziggurat
00:52 Altar of Darkness
01:15 Ziggurat
01:44 Tomb of Relics
02:37 Graveyard
04:29 Ziggurat
05:14 Halls of the Dead
05:15 Halls of the Dead
07:04 Ziggurat
07:41 Black Citadel
07:45 Temple of the Damned
07:47 Slaughterhouse
08:26 Temple of the Damned
11:03 Slaughterhouse
11:04 Ziggurat
11:05 Ziggurat
13:02 Ziggurat
13:03 Ziggurat
13:05 Ziggurat
» items
| Rod of Necromancy | 2 | |
| Scroll of Healing | 1 | |
3 total
Muaetanxizalide (
green | 63 APM | 1164 actions | 18:34)
7 Death Knight
3 Death Coil
3 Unholy Aura
1 Animate Dead
» actions
| Assign group hotkey | 20 | |
| Basic commands | 11 | |
| Build / train | 64 | |
| Enter build submenu | 13 | |
| Enter hero's abilities submenu | 8 | |
| Right click | 526 | |
| Select / deselect | 214 | |
| Select group hotkey | 259 | |
| Use ability | 49 | |
1164 total
» units
| Acolyte | 7 | |
| Ghoul | 3 | |
| Crypt Fiend | 6 | |
| Obsidian Statue | 3 | |
19 total
» upgrades
| Creature Attack | 3 | |
| Web | 1 | |
| Creature Carapace | 3 | |
| Destroyer Form | 1 | |
| Disease Cloud | 1 | |
| Ghoul Frenzy | 1 | |
| Cannibalize | 1 | |
| Backpack | 1 | |
| Unholy Armor | 1 | |
| Unholy Strength | 1 | |
| Exhume Corpses | 1 | |
15 total
» buildings
| Altar of Darkness | 1 | |
| Ziggurat | 7 | |
| Crypt | 1 | |
| Graveyard | 1 | |
| Tomb of Relics | 1 | |
| Halls of the Dead | 6 | |
| Slaughterhouse | 1 | |
| Spirit Tower | 5 | |
| Black Citadel | 6 | |
| Nerubian Tower | 1 | |
30 total
» build order
00:07 Altar of Darkness
00:10 Ziggurat
00:38 Crypt
01:05 Graveyard
01:21 Tomb of Relics
02:03 Ziggurat
03:10 Halls of the Dead
03:10 Halls of the Dead
03:10 Halls of the Dead
05:27 Ziggurat
05:54 Slaughterhouse
07:37 Ziggurat
07:39 Ziggurat
07:40 Ziggurat
07:51 Spirit Tower
08:44 Spirit Tower
08:45 Spirit Tower
08:45 Spirit Tower
09:04 Black Citadel
09:04 Black Citadel
09:04 Black Citadel
10:26 Spirit Tower
10:44 Nerubian Tower
16:22 Ziggurat
» items
| Rod of Necromancy | 1 | |
| Boots of Speed | 1 | |
2 total

»
starsunited (
teal | 70 APM | 1306 actions | 18:33)
6 Demon Hunter
2 Immolation
3 Evasion
1 Metamorphosis
» actions
| Assign group hotkey | 28 | |
| Build / train | 73 | |
| Enter build submenu | 22 | |
| Enter hero's abilities submenu | 6 | |
| Remove unit from queue | 3 | |
| Right click | 534 | |
| Select / deselect | 270 | |
| Select group hotkey | 332 | |
| Use ability | 37 | |
1306 total
» units
| Wisp | 17 | |
| Archer | 15 | |
| Dryad | 6 | |
| Chimaera | 8 | |
46 total
» upgrades
| Improved Bows | 1 | |
| Strength of the Moon | 2 | |
| Abolish Magic | 1 | |
| Marksmanship | 1 | |
| Strength of the Wild | 1 | |
| Corrosive Breath | 1 | |
7 total
» buildings
| Altar of Elders | 1 | |
| Moon Well | 7 | |
| Ancient of War | 2 | |
| Tree of Ages | 4 | |
| Hunter's Hall | 1 | |
| Tree of Eternity | 1 | |
| Ancient of Lore | 2 | |
| Ancient of Wind | 1 | |
| Chimaera Roost | 3 | |
| Tree of Life | 1 | |
23 total
» build order
00:15 Altar of Elders
00:23 Moon Well
01:26 Ancient of War
01:29 Moon Well
01:54 Ancient of War
02:25 Moon Well
03:18 Moon Well
04:47 Tree of Ages
04:47 Tree of Ages
04:47 Tree of Ages
04:47 Tree of Ages
06:08 Hunter's Hall
06:10 Moon Well
07:17 Tree of Eternity
07:20 Moon Well
07:39 Ancient of Lore
07:42 Ancient of Lore
11:24 Ancient of Wind
13:13 Moon Well
13:45 Chimaera Roost
13:47 Chimaera Roost
15:03 Chimaera Roost
18:19 Tree of Life
LessQQMorePew (
blue | 58 APM | 1080 actions | 18:33)
6 Death Knight
3 Death Coil
3 Unholy Aura
4 Lich
2 Frost Nova
2 Frost Armor
1 Dreadlord
1 Vampiric Aura
» actions
| Assign group hotkey | 13 | |
| Build / train | 74 | |
| ESC pressed | 1 | |
| Enter build submenu | 22 | |
| Enter hero's abilities submenu | 11 | |
| Remove unit from queue | 2 | |
| Right click | 394 | |
| Select / deselect | 145 | |
| Select group hotkey | 363 | |
| Use ability | 55 | |
1080 total
» units
| Acolyte | 12 | |
| Ghoul | 8 | |
| Crypt Fiend | 7 | |
| Gargoyle | 2 | |
| Frost Wyrm | 2 | |
31 total
» upgrades
| Creature Attack | 3 | |
| Creature Carapace | 4 | |
| Web | 1 | |
| Stone Form | 1 | |
| Burrow | 1 | |
| Freezing Breath | 1 | |
11 total
» buildings
| Ziggurat | 9 | |
| Graveyard | 1 | |
| Crypt | 2 | |
| Altar of Darkness | 1 | |
| Tomb of Relics | 1 | |
| Halls of the Dead | 1 | |
| Black Citadel | 4 | |
| Sacrificial Pit | 1 | |
| Boneyard | 2 | |
22 total
» build order
00:19 Ziggurat
00:38 Graveyard
00:56 Crypt
01:09 Altar of Darkness
01:22 Ziggurat
01:32 Tomb of Relics
02:37 Ziggurat
04:37 Ziggurat
06:15 Halls of the Dead
08:53 Crypt
09:07 Black Citadel
09:08 Black Citadel
09:08 Black Citadel
09:12 Ziggurat
09:24 Ziggurat
09:26 Ziggurat
09:30 Ziggurat
09:33 Ziggurat
11:42 Sacrificial Pit
12:39 Boneyard
12:46 Boneyard
» items
Chat log
(00:08 / Allies) 12aGeAholiC_FFA: heros UD?
(00:11 / Allies) 12aGeAholiC_FFA: tri DK?
(00:15 / Allies) LessQQMorePew: dk
(00:16 / Allies) 12aGeAholiC_FFA: ill meat
(00:19 / Allies) Muaetanxizalide: dk for nuking
(00:22 / Allies) Muaetanxizalide: we can rape their heroes
(00:43 / Allies) 12aGeAholiC_FFA: wagon/abom/necro
(00:43 / Allies) 12aGeAholiC_FFA: fiends
(01:02 / Allies) Muaetanxizalide: fiends and destros
(01:03 / Allies) 12aGeAholiC_FFA: ill feed you guys for frosty
(01:30 / Allies) 12aGeAholiC_FFA: green creep with me?
(01:33 / Allies) Muaetanxizalide: k 1 sec
(01:41 / Allies) Muaetanxizalide: hero halfway done
(01:53 / Allies) 12aGeAholiC_FFA: np i late hero
(02:07 / Allies) 12aGeAholiC_FFA: share up with me
(02:11 / Allies) 12aGeAholiC_FFA: use if your hero needs it
(02:30 / Allies) 12aGeAholiC_FFA: take rod
(02:32 / Allies) 12aGeAholiC_FFA: if im not out
(02:41 / Allies) Muaetanxizalide: k
(02:49 / Allies) Muaetanxizalide: I'll get one from my base
(03:54 / Allies) 12aGeAholiC_FFA: u take enxt
(04:00 / Allies) Muaetanxizalide: k
(04:22 / Allies) Muaetanxizalide: I'll wait on my t2 then expo at this mine
(04:46 / Allies) 12aGeAholiC_FFA: take
(05:53 / Allies) 12aGeAholiC_FFA: take invon
(06:56 / Allies) LessQQMorePew: eh
(06:57 / Allies) LessQQMorePew: no air
(06:58 / Allies) LessQQMorePew: lol
(07:31 / Allies) Muaetanxizalide: ty
(07:33 / Allies) Muaetanxizalide: for gold
(07:33 / Allies) starsunited: ty
(07:52 / Allies) LessQQMorePew: b
(07:53 / Allies) LessQQMorePew: bbb
(08:27 / Allies) LessQQMorePew: bb
(08:53 / Allies) 12aGeAholiC_FFA: force tps for them
(09:38 / Allies) 12aGeAholiC_FFA: dk
(09:41 / Allies) starsunited: XD
(09:50 / Allies) 12aGeAholiC_FFA: b
(09:56 / Allies) 12aGeAholiC_FFA: pally
(10:44 / Allies) 12aGeAholiC_FFA: b
(11:07 / Allies) Muaetanxizalide: careful of bolt
(11:27 / Allies) LessQQMorePew: talke
(11:28 / Allies) LessQQMorePew: take
(11:31 / Allies) LessQQMorePew: the potion
(11:39 / Allies) starsunited: goin bak to heal up
(13:29 / Allies) LessQQMorePew: together
(14:26 / Allies) 12aGeAholiC_FFA: HEAL MY HERO
(15:07 / Allies) 12aGeAholiC_FFA: necro ownage
(15:16 / Allies) Muaetanxizalide: people have no idea how to counter it in 4v4 lol
(15:51 / Allies) Muaetanxizalide: gj
(15:56 / Allies) starsunited: gj
(16:05 / Allies) 12aGeAholiC_FFA: : D
(16:12 / Allies) Muaetanxizalide: 3 UD is surprisingly effective
(16:25 / Allies) 12aGeAholiC_FFA: heh
(16:28 / Allies) 12aGeAholiC_FFA: not to surprising
(16:40 / Allies) Muaetanxizalide: most one race 4v4 teams aren't that great, like full orc
(16:43 / Allies) Muaetanxizalide: but UD is pretty good